Map: Year Zero LE

Players

HeroMarine - Winner!

  • Race: Terran Terran
  • League: Master
  • Spawn Location: 11:00

Elazer

  • Race: Zerg Zerg
  • Spawn Location: 1:00

Event: 2019 WCS Winter Europe

VOD

Have the link to the VOD?

Description

Time

  • Played on: March 23, 2019, 11:16 a.m.
  • Length: 16:33

All games in this series

Show
View Real Time Build Order
Export as new Build Order

HeroMarine Terran - Winner!

Build Orders: Gas First Reaper Expand, Mech, Banshee Rush 

Get SALT Encoding   

  12  0:00  SCV  
  13  0:12  SCV  
  14  0:18  Supply Depot  
  14  0:24  SCV  
  15  0:29  Refinery  
  15  0:39  SCV  
  16  0:45  Barracks  
  16  0:51  SCV  
  17  1:03  SCV  
  18  1:16  SCV  
  19  1:32  Reaper, Orbital Command  
  20  1:44  Command Center  
  20  1:55  Factory  
  20  1:59  SCV  
  21  2:07  Barracks Reactor  
  21  2:11  SCV  
  22  2:15  Supply Depot  
  22  2:17  Refinery  
  22  2:23  SCV  
  23  2:37  SCV  
  24  2:44  Marine  
  24  2:45  Starport, Marine  
  24  2:49  SCV, Factory Tech Lab  
  27  3:00  Orbital Command  
  27  3:01  SCV  
  27  3:03  Marine x2  
  30  3:13  SCV  
  31  3:21  Marine x2  
  31  3:25  SCV  
  31  3:26  SCV  
  35  3:27  Cloaking Field  
  35  3:28  Banshee  
  38  3:35  Supply Depot  
  38  3:36  Factory Tech Lab  
  38  3:37  SCV  
  38  3:38  SCV  
  38  3:40  Marine  
  41  3:42  Marine  
  42  3:49  SCV  
  42  3:50  SCV  
  42  3:53  Supply Depot  
  44  4:00  Siege Tank  
  44  4:02  SCV x2  
  49  4:03  Supply Depot  
  49  4:04  Marine  
  49  4:05  Marine  
  51  4:14  SCV x2  
  51  4:15  Banshee  
  56  4:25  Marine x2  
  56  4:26  SCV x2  
  56  4:29  Supply Depot  
  60  4:35  Siege Tank  
  60  4:38  SCV x2  
  65  4:46  Command Center  
  65  4:50  SCV x2  
  67  4:52  Marine  
  67  4:53  Marine  
  69  5:02  SCV x2  
  71  5:10  Refinery  
  71  5:11  Supply Depot, Refinery  
  74  5:14  SCV x2  
  74  5:20  Armory, Banshee  
  76  5:26  SCV  
  76  5:27  SCV  
  78  5:33  Hellion  
  78  5:34  Hellion  
  82  5:38  SCV  
  82  5:39  SCV  
  82  5:42  Factory  
  84  5:46  Factory  
  84  5:50  SCV  
  84  5:51  SCV  
  86  5:58  Hellion x2  
  86  5:59  Supply Depot  
  86  6:03  SCV x2  
  92  6:10  Terran Vehicle And Ship Armor Level 1  
  92  6:14  Supply Depot  
  92  6:15  SCV x2  
  92  6:16  Refinery  
  92  6:17  Starport Reactor  
  94  6:19  Hellion x2, Refinery  
  94  6:24  Orbital Command  
  98  6:27  SCV x2  
  98  6:28  Cyclone, Mag-Field Accelerator  
  103  6:39  SCV x2  
  105  6:40  Factory  
  105  6:44  Cyclone  
  108  6:51  SCV x2  
  108  6:54  Supply Depot x2  
  110  6:55  SCV  
  110  6:56  Factory  
  110  6:58  Barracks Reactor  
  110  7:00  Cyclone  
  113  7:03  SCV x2  
  113  7:05  Supply Depot  
  113  7:07  Supply Depot  
  115  7:12  Command Center  
  115  7:13  SCV  
  115  7:15  SCV x2  
  117  7:16  Supply Depot  
  117  7:18  Infernal Pre-Igniter  
  117  7:22  Cyclone  
  121  7:26  SCV  
  121  7:29  Engineering Bay  
  122  7:31  Factory Tech Lab  
  122  7:32  SCV x2, Cyclone  
  127  7:39  Liberator x2  
  127  7:40  SCV  
  129  7:44  SCV  
  129  7:47  Supply Depot  
  129  7:53  Cyclone  
  129  7:54  Cyclone  
  129  7:55  Hellion  
  143  8:03  Hellion x2  
  143  8:04  Cyclone  
  143  8:05  Sensor Tower  
  150  8:10  Hellion  
  151  8:25  Hellion x2  
  151  8:26  Cyclone x2  
  160  8:32  Hellion x2  
  161  8:36  Cyclone  
  149  8:44  Terran Vehicle And Ship Armor Level 2  
  149  8:48  Hellion x2  
  141  8:51  Missile Turret, Orbital Command  
  141  8:52  Refinery  
  141  8:54  Planetary Fortress  
  139  8:56  Hellion x2  
  139  8:58  Cyclone  
  139  9:01  SCV x2  
  138  9:13  SCV x2  
  138  9:15  Cyclone x2  
  138  9:16  SCV  
  126  9:25  SCV x2  
  126  9:27  Liberator  
  126  9:29  SCV  
  129  9:35  Cyclone  
  129  9:37  SCV x2  
  131  9:40  Hellion  
  131  9:41  SCV  
  131  9:45  Hellion x2  
  124  9:47  Cyclone  
  124  9:49  SCV x2  
  124  9:52  Cyclone  
  129  9:59  SCV x2  
  124  10:01  SCV x2, Refinery x2  
  125  10:07  Cyclone  
  111  10:19  Cyclone  
  111  10:23  SCV x2  
  111  10:24  Cyclone  
  116  10:35  SCV  
  114  10:39  Cyclone  
  114  10:40  SCV  
  111  10:51  SCV x2, Cyclone, Liberator  
  111  10:52  SCV  
  111  10:56  Hellion x3, Cyclone  
  120  11:06  Orbital Command  
  120  11:09  Hellion  
  120  11:11  Cyclone  
  124  11:12  SCV x2  
  124  11:19  Hellion  
  124  11:20  Engineering Bay  
  124  11:23  Cyclone  
  129  11:27  Hellion  
  129  11:28  Cyclone  
  132  11:33  Hellion  
  126  11:40  Hellion  
  126  11:41  Hellion  
  126  11:43  Cyclone  
  127  11:48  Hellion  
  126  11:57  Orbital Command  
  126  11:58  Liberator x2  
  126  12:00  Cyclone  
  126  12:10  Missile Turret  
  126  12:11  Hellion  
  126  12:12  Hellion x2  
  135  12:17  Cyclone  
  135  12:21  Hellion  
  135  12:22  SCV x2  
  145  12:23  SCV  
  145  12:26  SCV  
  147  12:31  Terran Vehicle Weapons Level 1  
  147  12:34  Cyclone  
  147  12:36  Cyclone  
  148  12:45  Liberator  
  148  12:47  Liberator  
  148  12:49  Hellion  
  148  12:51  Cyclone  
  148  12:52  Hellion x2  
  155  13:06  Cyclone  
  155  13:09  Cyclone  
  124  13:21  Hellion  
  124  13:22  Hellion x2  
  124  13:23  Cyclone  
  119  13:28  Liberator  
  119  13:30  Hellion, Liberator  
  116  13:38  Cyclone  
  124  13:53  Factory Tech Lab, Refinery  
  124  13:54  Orbital Command  
  124  13:55  Hellion, Cyclone  
  126  13:56  Hellion x2  
  130  14:10  Cyclone  
  130  14:12  Cyclone  
  130  14:16  Hellion  
  138  14:17  Hellion  
  139  14:28  Viking, Cyclone  
  139  14:29  SCV  
  139  14:30  SCV, Viking  
  144  14:34  Hellion  
  141  14:40  Missile Turret  
  141  14:42  Cyclone  
  141  14:44  Cyclone  
  147  14:50  Hellion x2  
  141  15:00  Cyclone  
  142  15:10  Hellion  
  144  15:15  Cyclone  
  144  15:17  Cyclone  
  143  15:32  Cyclone  
  141  15:36  Hellion  
  141  15:37  Hellion  
  141  15:39  Hellion  
  130  15:47  Cyclone  
  130  15:49  Hellion  
  130  15:58  Hellion x2  
  130  16:00  Hellion  
Show
View Real Time Build Order
Export as new Build Order

Elazer Zerg 

Build Orders: Hatch First 

Get SALT Encoding   

  12  0:00  Drone  
  13  0:13  Overlord  
  13  0:17  Drone  
  14  0:31  Drone x2  
  16  0:49  Hatchery  
  15  0:52  Drone  
  15  0:56  Drone  
  17  0:59  Drone  
  18  1:10  Extractor  
  17  1:15  Spawning Pool  
  16  1:19  Drone  
  16  1:22  Drone  
  18  1:29  Drone  
  19  1:39  Drone  
  20  1:50  Drone  
  21  2:01  Queen  
  21  2:02  Queen, Zergling x4  
  27  2:17  Hatchery  
  27  2:22  Overlord  
  26  2:24  Drone  
  26  2:28  Drone  
  28  2:33  Metabolic Boost  
  28  2:42  Drone x3  
  31  2:49  Queen  
  33  2:54  Overlord  
  33  2:56  Drone  
  34  2:59  Drone  
  34  3:02  Drone  
  36  3:14  Drone x2  
  36  3:15  Drone x3  
  36  3:16  Drone  
  42  3:22  Overlord  
  42  3:26  Queen  
  44  3:30  Queen  
  44  3:34  Drone  
  47  3:35  Drone  
  48  3:44  Drone x2  
  48  3:45  Overlord  
  48  3:47  Zergling x2  
  48  3:48  Zergling x2  
  52  3:49  Drone x2  
  52  3:52  Drone  
  55  3:57  Drone x3  
  58  4:03  Queen  
  58  4:04  Overlord  
  58  4:06  Drone  
  58  4:07  Drone  
  62  4:10  Drone  
  62  4:14  Drone x2  
  64  4:19  Evolution Chamber  
  64  4:20  Spore Crawler  
  64  4:21  Drone  
  64  4:22  Spore Crawler, Drone  
  63  4:26  Drone x4  
  63  4:30  Queen  
  69  4:36  Drone x3  
  72  4:45  Overlord  
  72  4:46  Spore Crawler, Queen  
  73  4:54  Overlord, Zerg Ground Armor Level 1  
  73  4:57  Overlord, Drone x2  
  73  4:59  Drone  
  73  5:01  Drone  
  73  5:06  Drone x6  
  78  5:07  Drone  
  78  5:11  Drone x3  
  82  5:14  Lair, Extractor  
  82  5:15  Extractor  
  82  5:18  Roach Warren  
  82  5:21  Overlord  
  79  5:22  Drone  
  80  5:30  Overlord  
  80  5:31  Zergling x2, Drone  
  80  5:32  Extractor, Zergling x8  
  85  5:41  Overlord  
  85  5:42  Drone x3  
  87  5:43  Extractor  
  87  5:44  Drone  
  87  5:45  Overlord  
  87  5:52  Overlord  
  87  5:55  Drone  
  87  5:58  Roach x5  
  87  6:03  Overlord  
  97  6:05  Roach x4  
  97  6:10  Overlord  
  105  6:12  Glial Reconstitution  
  105  6:13  Extractor  
  105  6:17  Drone x4  
  108  6:19  Ravager x3  
  108  6:21  Drone  
  108  6:25  Hatchery, Overseer  
  112  6:27  Roach x2  
  112  6:30  Overlord  
  115  6:33  Overlord  
  115  6:36  Evolution Chamber  
  115  6:38  Hatchery  
  115  6:40  Overlord  
  115  6:41  Roach x5  
  126  6:47  Evolution Chamber  
  126  6:50  Hatchery  
  126  6:51  Overlord  
  125  6:54  Overlord, Zerg Missile Weapons Level 1  
  125  6:55  Roach x3  
  125  6:59  Overseer  
  131  7:05  Nydus Network  
  131  7:06  Overlord  
  131  7:07  Roach x3  
  136  7:12  Overlord  
  136  7:13  Roach x2  
  139  7:22  Roach x5  
  149  7:29  Overlord  
  149  7:34  Roach x7  
  163  7:38  Overlord  
  163  7:39  Roach  
  165  7:48  Roach  
  165  7:49  Roach x4  
  175  7:55  Nydus Canal  
  175  7:56  Roach x2  
  179  8:00  Roach  
  179  8:04  Overlord  
  181  8:06  Roach x6  
  181  8:09  Roach, Nydus Canal  
  195  8:14  Roach x2  
  199  8:20  Overlord x2  
  199  8:22  Ravager  
  200  8:32  Nydus Canal  
  192  8:37  Roach  
  192  8:40  Roach x12  
  178  8:42  Roach x2  
  168  8:48  Overseer  
  168  8:49  Nydus Canal  
  168  8:50  Roach x3  
  168  8:51  Roach  
  168  8:53  Roach  
  168  8:57  Roach  
  168  9:03  Roach x4  
  168  9:07  Roach  
  168  9:08  Roach  
  166  9:12  Roach x3  
  166  9:16  Roach  
  158  9:17  Roach  
  158  9:22  Roach x2, Nydus Canal  
  158  9:24  Roach  
  156  9:25  Ravager x3  
  156  9:26  Ravager  
  156  9:29  Roach  
  156  9:30  Roach  
  154  9:42  Roach x8  
  154  9:50  Burrow  
  154  9:58  Roach x5  
  154  9:59  Roach x2  
  141  10:13  Roach x6  
  136  10:15  Roach x5  
  136  10:17  Roach  
  142  10:23  Roach x3  
  139  10:29  Zerg Missile Weapons Level 2  
  131  10:39  Roach x6  
  135  10:48  Roach x6  
  147  10:53  Roach x16  
  147  10:56  Roach x12  
  137  10:58  Roach x3  
  137  10:59  Roach  
  137  11:03  Roach x11  
  137  11:04  Roach  
  137  11:07  Nydus Canal  
  137  11:10  Roach x2  
  141  11:16  Roach x2  
  135  11:25  Roach  
  135  11:26  Roach x6  
  135  11:27  Roach x5  
  135  11:28  Roach  
  135  11:31  Roach  
  135  11:32  Roach x6  
  147  11:34  Roach x3  
  147  11:38  Roach x2  
  147  11:39  Roach  
  157  11:40  Roach x2  
  157  11:44  Roach x2  
  157  11:45  Nydus Canal  
  145  11:49  Roach x2  
  145  11:52  Roach x2  
  147  11:55  Nydus Canal  
  145  12:01  Roach x4  
  145  12:03  Nydus Canal  
  145  12:08  Overseer  
  149  12:11  Roach x2  
  149  12:14  Extractor  
  149  12:15  Ravager x2, Drone  
  150  12:16  Drone  
  150  12:22  Hatchery  
  151  12:30  Roach  
  151  12:31  Roach x5  
  151  12:33  Ravager x2, Roach x6  
  165  12:38  Nydus Canal  
  165  12:39  Roach  
  165  12:40  Roach x2  
  163  12:46  Tunneling Claws  
  163  12:50  Roach x3  
  169  12:59  Roach x6  
  179  13:08  Roach x3  
  179  13:09  Roach x4  
  179  13:11  Spore Crawler, Roach  
  133  13:23  Roach x6  
  126  13:29  Roach x3  
  130  13:37  Roach x3  
  133  13:44  Roach, Nydus Canal  
  133  13:45  Roach  
  135  13:52  Roach x14, Drone x6  
  141  13:55  Ravager  
  141  13:56  Ravager x2  
  141  13:57  Ravager  
  141  13:58  Roach  
  141  14:02  Roach x2  
  151  14:04  Nydus Canal  
  151  14:06  Roach  
  151  14:08  Roach x8  
  151  14:09  Roach  
  155  14:13  Roach x2  
  151  14:17  Roach x2  
  149  14:28  Nydus Canal  
  149  14:29  Roach x6, Overseer  
  153  14:36  Roach  
  153  14:37  Roach x2  
  151  14:40  Roach x2  
  153  14:46  Ravager x5  
  153  14:47  Roach  
  160  14:54  Roach x4  
  168  15:00  Roach x13  
  168  15:02  Roach x4  
  168  15:04  Roach x13  
  168  15:05  Roach  
  174  15:10  Roach  
  174  15:11  Roach x2  
  180  15:14  Roach x7  
  180  15:15  Roach x4  
  169  15:29  Roach x8  
  169  15:30  Roach x2  
  185  15:41  Roach  
  185  15:42  Roach x5  
  153  15:54  Roach  
  153  15:55  Roach x3  
  141  16:01  Roach  
  115  16:11  Roach x4  
Tags
 
Add a new tag
Caveats
  • Supply blocks, unpowered buildings, or Contaminate may cause inaccurate times.
  • Supply counts are checked every 10 seconds.